 Dungeon Crawl Stone Soup version 0.19-a0 (webtiles) character file.

51 barb4r1an the Cudgeler (level 3, -4/33 HPs)
             Began as a Minotaur Berserker on Apr 27, 2016.
             Was a Believer of Trog.
             Slain by Robin
             ... wielding a +2 vampiric spear
              (6 damage)
             ... on level 2 of the Dungeon.
             The game lasted 00:01:47 (1245 turns).

barb4r1an the Cudgeler (Minotaur Berserker)         Turns: 1245, Time: 00:01:48

Health: -4/33      AC:  2    Str: 22    XL:     3   Next: 58%
Magic:  2/2        EV: 12    Int:  4    God:    Trog [**....]
Gold:   98         SH:  0    Dex:  9    Spells: 0 memorised, 2 levels left

rFire  . . .     SeeInvis .     a - +0 mace
rCold  + . .     Gourm    .     b - +0 animal skin
rNeg   . . .     Faith    .     (no shield)
rPois  .         Spirit   .     (helmet restricted)
rElec  .         Dismiss  .     (no cloak)
rCorr  .         Reflect  .     (no gloves)
SustAt .         Harm     .     (no boots)
MR     .....                    (no amulet)
Stlth  +.........               (no ring)
                                n - ring of protection from cold

@: not resistant to hostile enchantments, very unstealthy
A: retaliatory headbutt, horns 2
a: Berserk, Trog's Hand, Burn Spellbooks, Renounce Religion


You were on level 2 of the Dungeon.
You worshipped Trog.
Trog was pleased with you.
You were not hungry.

You visited 1 branch of the dungeon, and saw 2 of its levels.

You collected 98 gold pieces.

Inventory:

Hand Weapons
 a - a +0 mace (weapon)
Armour
 b - a +0 animal skin (worn)
Jewellery
 n - a ring of protection from cold (left hand)
Scrolls
 d - a scroll of random uselessness {unknown}
 h - a scroll of recharging {unknown}
 i - 3 scrolls of enchant armour {unknown}
 j - a scroll of remove curse {unknown}
 k - a scroll of identify {unknown}
 m - a scroll of enchant weapon {unknown}
 p - a scroll of amnesia {unknown}
Potions
 e - a potion of cancellation {unknown}
 g - a potion of cure mutation {unknown}
 l - a potion of brilliance {unknown}
 o - a potion of heal wounds {unknown}
 q - a potion of curing {unknown}
Comestibles
 c - 4 bread rations
 f - 2 meat rations


   Skills:
 + Level 4.2 Fighting
 + Level 4.2 Maces & Flails
 + Level 3.1 Armour
 + Level 2.9 Dodging


You had 2 spell levels left.
You didn't know any spells.

Dungeon Overview and Level Annotations

Branches:
Dungeon (2/15)

Altars:

Annotations:
D:2 Robin


Innate Abilities, Weirdness & Mutations

You reflexively headbutt those who attack you in melee.
You have a pair of horns on your head.


Message History

Trog accepts your kill. Robin throws the goblin at you!
The goblin closely misses you.
Things that are here:
a dagger; a goblin corpse You hit the goblin.
The goblin is moderately wounded.
Robin hits you from afar with a vampiric spear.
The goblin hits you.
You closely miss the goblin. You headbutt the goblin.
The goblin is severely wounded.
Robin hits you from afar with a vampiric spear!
* * * LOW HITPOINT WARNING * * *
The goblin hits you.
* * * LOW HITPOINT WARNING * * *
Robin hits you but does no damage.
You hit the goblin.
You kill the goblin!
Trog accepts your kill.
Robin hits you from afar with a vampiric spear.
You die...

.# .# †# .# .# .#
.# ###### .#
#.)))# .# #.##@#
.# #.##.# .#
#.##g# .# #.##g#
.############.##.#
...........>..##.#
################.#
...


You could see Robin and a goblin.

Vanquished Creatures
  2 worms (D:2)
  A giant gecko (D:2)
  6 bats
  A giant cockroach (D:2)
  12 goblins
  3 hobgoblins
  3 jackals (D:1)
  6 kobolds
  6 rats
40 creatures vanquished.

Notes
Turn   | Place    | Note
--------------------------------------------------------------
     0 | D:1      | barb4r1an the Minotaur Berserker began the quest for the Orb.
     0 | D:1      | Reached XP level 1. HP: 19/19 MP: 0/0
   303 | D:1      | Reached XP level 2. HP: 27/27 MP: 1/1
   872 | D:2      | Reached ** piety under Trog
   872 | D:2      | Reached XP level 3. HP: 22/33 MP: 2/2
  1237 | D:2      | Noticed Robin
  1245 | D:2      | Slain by Robin

Vault maps used:
D:1:      kilobyte_arrival_exit_the_forest
D:2:      first_bread, uniq_crazy_yiuf_cottage, uniq_jessica, uniq_robin,
          uniq_terence

Skill      XL: |  1  2  3 |
---------------+----------+-----
Maces & Flails | 4 |  4.2
Fighting       | 4 |  4.2
Armour         | 3 |  3.1
Dodging        | |  2.9

Action                   || total
-------------------------++-------
Melee: Mace              ||    67
       Headbutt          ||    15
  Eat: Chunk             ||     1
Armor: Animal skin       ||    12
Dodge: Dodged            ||    51
